 Dungeon Crawl Stone Soup version 0.30-a0-534-gdc55766716 (webtiles) character file.

Game seed: 12884678831027974936

497 oldriver the Sneak (level 7, -21/63 HPs)
             Began as a Naga Artificer on Dec 25, 2022.
             Demolished by an ogre
             ... wielding a +0 giant club
              (32 damage)
             ... on level 4 of the Dungeon.
             The game lasted 00:05:51 (3358 turns).

oldriver the Sneak (Naga Artificer)                 Turns: 3358, Time: 00:05:52

Health: -21/63     AC:  4    Str: 14    XL:     7   Next: 15%
Magic:  7/7        EV:  9    Int: 11    God:
Gold:   66         SH:  0    Dex: 14    Spells: 6/6 levels left

rFire   . . .      SeeInvis +    i - +1 dagger
rCold   . . .      Faith    .    (no shield)
rNeg    . . .      Spirit   .    b - +0 leather armour
rPois   +          Reflect  .    (no helmet)
rElec   .          Harm     .    (no cloak)
rCorr   .          Rampage  .    (no gloves)
Will    .....                    (no barding)
Stlth   +++                      (no amulet)
HPRegen 0.30/turn                (no ring)
MPRegen 0.10/turn                (no ring)

@: about to teleport, very slow
A: AC +2, large, see invisible, deformed body, poison resistance, slowness 2,
spit poison 1, naga tail 1
a: Spit Poison


You were on level 4 of the Dungeon.
You visited 1 branch of the dungeon, and saw 4 of its levels.

You collected 174 gold pieces.
You spent 108 gold pieces at shops.

Inventory:

Hand Weapons
 i - a +1 dagger (weapon)
Missiles
 k - a poisoned dart
 s - 4 datura-tipped darts
Armour
 b - a +0 leather armour (worn)
Jewellery
 f - an amulet of faith
Wands
 c - a wand of flame (4)
 d - a wand of charming (14)
 e - a wand of iceblast (2)
Scrolls
 a - 3 scrolls of enchant armour {unknown}
 h - 2 scrolls of teleportation
 n - a scroll of amnesia {unknown}
 o - a scroll of magic mapping
 p - a scroll of identify
 r - a scroll of immolation {unknown}
Potions
 g - a potion of degeneration {unknown}
 j - a potion of curing
 l - 2 potions of flight {unknown}
 m - a potion of mutation {unknown}


   Skills:
 + Level 3.7 Fighting
 + Level 3.2 Short Blades
 + Level 2.2 Throwing
 - Level 1.5 Armour
 - Level 2.0 Dodging
 + Level 5.8 Stealth
 - Level 3.0 Evocations


You had 6 spell levels left.
You didn't know any spells.
Your spell library was empty.

Dungeon Overview and Level Annotations

Branches:
Dungeon (4/15)
 Temple: D:4-7

Altars:
Fedhas

Shops:
D:3 ![!*


Innate Abilities, Weirdness & Mutations

Your serpentine skin is tough. (AC +2)
You have supernaturally acute eyesight. (SInv)
Armour fits poorly on your strangely shaped body.
Your system is resistant to poisons. (rPois)
You cover ground very slowly.
You can spit poison.
You have a snake-like lower body.


Message History

Throw: 2 darts (poison)
Press: ? - help, Shift-Dir - straight line, f - ogre
Aim: an ogre, wielding a +0 giant club (wandering, hasn't noticed you, 75% to hit)
You throw a poisoned dart. The poisoned dart hits the ogre.
The ogre shouts!
Throw: 5 darts (datura)
Press: ? - help, Shift-Dir - straight line, f/p - ogre
Aim: an ogre, wielding a +0 giant club (75% to hit, chance to frenzy on hit: 67%)
You throw a datura-tipped dart. The datura-tipped dart hits the ogre.
The ogre flies into a frenzy!
The ogre hits you with a +0 giant club!
You hit the ogre.
The ogre is lightly wounded.
The ogre barely misses you.
You hit the ogre.
The ogre is lightly wounded.
The ogre closely misses you.
You hit the ogre.
The ogre is moderately wounded.
You hit the ogre.
The ogre is moderately wounded.
The ogre barely misses you.
You barely miss the ogre.
The ogre is moderately wounded.
The ogre hits you with a +0 giant club!!!
Ouch! That really hurt!
* * * LOW HITPOINT WARNING * * *
You closely miss the ogre.
The ogre is moderately wounded.
The ogre barely misses you.
Okay, then.
You feel better. The ogre barely misses you.
As you read the scroll labelled YLOOXA DEMEW, it crumbles to dust.
You feel strangely unstable.
It was a scroll of teleportation.
The ogre hits you with a +0 giant club!
* * * LOW HITPOINT WARNING * * *
You feel better.
The ogre hits you with a +0 giant club!!
Ouch! That really hurt!
You die...

#.#.#.....#.......).# ##.......##
#.#(#.....#.#.......# #.....###..
..#.##.##.#.#.......###.....# #..
.....#.##.#.#......[..<..#..###..
.##...........(..รท....#.##.#.....
.###.......#........#....#....#..
.# ###>###.........)...>....#####
.# #.# ##.#########....#....#.. .#
#.# #.##.O@# #.#.##.##.#..
.#***#.#*##.##(#.####.#.#...#....
..,,,...,.....,#...##.#..........
,***,...,....#####.##.###...##.##
,,,,,..#*##....#...##.# ##.###.#
,***,,,* #....#......# #.# #.# ,*
***** ####...#########.# #.#
,********####..............# #.#
,,,,,,,,,........###########*#.#


You could see a neutral ogre (fast, strong, insane).

Vanquished Creatures
  Eustachio (D:4)
  Menkaure (D:4)
  A black bear (D:4)
  A hound (D:3)
  An iguana (D:4)
  3 adders
  A worm (D:2)
  3 dart slugs
  2 orcs (D:3)
  5 ball pythons
  3 endoplasms (D:2)
  3 giant cockroaches
  6 goblins
  5 hobgoblins
  3 jackals (D:1)
  5 kobolds
  2 quokkas
  3 bats
  4 frilled lizards
  6 rats
59 creatures vanquished.

Vanquished Creatures (collateral kills)
  An adder (D:4)
1 creature vanquished.

Grand Total: 60 creatures vanquished

Notes
Turn   | Place    | Note
-------+----------+-------------------------------------------
     0 | D:1      | oldriver the Naga Artificer began the quest for the Orb.
     0 | D:1      | Reached XP level 1. HP: 18/18 MP: 1/1
   127 | D:1      | Reached skill level 1 in Dodging
   127 | D:1      | Reached skill level 2 in Stealth
   248 | D:1      | Reached XP level 2. HP: 20/25 MP: 2/2
   828 | D:1      | Reached XP level 3. HP: 32/32 MP: 3/3
  1297 | D:2      | Reached skill level 1 in Short Blades
  1302 | D:2      | Found a faded altar of an unknown god.
  1386 | D:2      | Found a blossoming altar of Fedhas.
  1536 | D:2      | Reached skill level 3 in Stealth
  1657 | D:2      | Reached XP level 4. HP: 11/39 MP: 4/4
  2152 | D:3      | Found Ridwe's Assorted Antiques.
  2159 | D:3      | Bought a scroll labelled KIYQIF FA QIM for 27 gold pieces
  2159 | D:3      | Bought a scroll labelled XUSUPRUESMI for 27 gold pieces
  2159 | D:3      | Bought a scroll labelled XUSUPRUESMI for 27 gold pieces
  2159 | D:3      | Bought a scroll labelled AMIOLA COMOBLU for 27 gold pieces
  2212 | D:3      | Found Ykluidan's Distillery.
  2338 | D:3      | Found Fecejah's Distillery.
  2380 | D:3      | Reached XP level 5. HP: 46/46 MP: 5/5
  2594 | D:3      | Found Uwianuc's Armour Emporium.
  2831 | D:4      | Noticed Eustachio
  2841 | D:4      | Killed Eustachio
  2842 | D:4      | Reached skill level 1 in Throwing
  2842 | D:4      | Reached skill level 4 in Stealth
  2842 | D:4      | Reached XP level 6. HP: 56/56 MP: 6/6
  2842 | D:4      | Noticed a black bear
  2857 | D:4      | Killed a black bear
  2858 | D:4      | Reached skill level 5 in Stealth
  2972 | D:4      | HP: 2/56 [iguana (11)]
  3252 | D:4      | Noticed Menkaure
  3256 | D:4      | Killed Menkaure
  3257 | D:4      | Reached XP level 7. HP: 63/63 MP: 7/7
  3357 | D:4      | HP: 2/63 [ogre/+0 giant club (14)]
  3358 | D:4      | Demolished by an ogre

Illustrated notes

Levels and vault maps discovered:
D:1:      wander_arrival_peaceful_grave, layout_basic,
          corexii_item_surrounded_by_moat, nrook_campfire
D:2:      layout_rooms, ebering_ecumenical_altar_sacrificial, basic_altar
D:3:      layout_basic, serial_shops, nicolae_shop_stone, shop,
          nicolae_diamond_shop, nicolae_shop_stone
D:4:      layout_loops_ring, kennysheep_cluttered_room, uniq_crazy_yiuf_cottage,
          uniq_eustachio, uniq_menkaure

Skill      XL: |  1  2  3  4  5  6 |
---------------+-------------------+-----
Dodging        | 1 2 |  2.0
Stealth        | 2 3 4 5 |  5.8
Short Blades   | 1 2 3 |  3.2
Fighting       | 2 3 |  3.7
Throwing       | 1 2 |  2.2
Armour         | |  1.5
Evocations     | |  3.0

Action                   |  1- 3 |  4- 6 |  7- 9 || total
-------------------------+-------+-------+-------++-------
Melee: Club              |    25 |       |       ||    25
       Dagger            |    98 |    51 |     7 ||   156
       Punch             |       |     1 |       ||     1
Throw: Dart              |       |    11 |     2 ||    13
 Abil: Spit Poison       |    26 |    21 |       ||    47
Evoke: Wand              |       |    13 |     2 ||    15
  Use: Potion            |     1 |     2 |     2 ||     5
       Scroll            |       |     5 |     1 ||     6
 Stab: Sleeping          |     1 |       |       ||     1
Armor: Leather armour    |    28 |    22 |       ||    50
Dodge: Dodged            |    58 |    39 |     7 ||   104

Table legend: (Time is in decaauts)
 A = Elapsed time spent in this place.
 B = Non-inter-level travel time spent in this place.
 C = Inter-level travel time spent in this place.
 D = Time resting spent in this place.
 E = Time spent auto-exploring this place.
 F = Levels seen in this place.
 G = Mean time per level.
                   A        B        C        D        E       F      G
               +--------+--------+--------+--------+--------+-----+--------+
         Total |   4242 |   3869 |    373 |    555 |   2551 |   4 | 1060.5 |
       Dungeon |   4242 |   3869 |    373 |    555 |   2551 |   4 | 1060.5 |
               +--------+--------+--------+--------+--------+-----+--------+

Top non-repeatable levels by time:
     D:1: 1690 daAuts
     D:2: 1182 daAuts
     D:3: 777 daAuts
     D:4: 592 daAuts
